 Dungeon Crawl Stone Soup version 0.21.1-1-g345015f (webtiles) character file.

424 lechatrouge the Slinger (level 7, 0/46 HPs)
             Began as a Halfling Hunter on July 26, 2018.
             Was a Believer of Makhleb.
             Slain by a centaur (4 damage)
             ... on level 5 of the Dungeon.
             The game lasted 00:35:36 (4214 turns).

lechatrouge the Slinger (Halfling Hunter)           Turns: 4214, Time: 00:35:37

Health: 0/46       AC:  4    Str: 14    XL:     7   Next: 17%
Magic:  7/7        EV: 15    Int: 13    God:    Makhleb [**....]
Gold:   183        SH:  0    Dex: 16    Spells: 6/6 levels left

rFire    + . .     SeeInvis .   x - +10 rapier "Goasmeit" {pierce, *Contam +Inv rN++ Int+2}
rCold    . . .     Gourm    .   (shield restricted)
rNeg     + + .     Faith    .   c - +0 leather armour
rPois    .         Spirit   .   e - +0 helmet
rElec    .         Reflect  .   (no cloak)
rCorr    .         Harm     +   (no gloves)
MR       .....                  (no boots)
Stlth    ++........             g - amulet of harm
HPRegen  0.15/turn              q - ring of protection from fire
MPRegen  0.10/turn              (no ring)

@: no status effects
A: small, clever 1, mutation resistance 1
a: Minor Destruction, Renounce Religion, Evoke Invisibility


You were on level 5 of the Dungeon.
You worshipped Makhleb.
Makhleb was pleased with you.
You were not hungry.

You visited 1 branch of the dungeon, and saw 5 of its levels.

You collected 183 gold pieces.

Inventory:

Hand Weapons
 a - a +1 hunting sling
 b - a +0 short sword
 l - a +0 blowgun
 u - a +0 arbalest
 x - the +10 rapier "Goasmeit" (weapon) {pierce, *Contam +Inv rN++ Int+2}
   (You found it on level 4 of the Dungeon)

   It inflicts extra damage upon your enemies.
   It affects your intelligence (+2).
   It greatly protects you from negative energy.
   It lets you turn invisible.
   It causes magical contamination when unequipped.
Missiles
 d - 37 sling bullets
 h - 17 bolts
 j - 151 stones
 m - 2 tomahawks (quivered)
 p - 3 curare-tipped needles
 z - 3 needles of sleeping
Armour
 c - a +0 leather armour (worn)
 e - a +0 helmet (worn)
Jewellery
 g - an amulet of harm (around neck)
 q - a ring of protection from fire (left hand)
Scrolls
 w - a scroll of fear
 y - a scroll of identify
Potions
 i - a potion of cancellation
 k - 3 potions of curing
 n - a potion of brilliance
 o - a potion of ambrosia
 r - a potion of mutation
 s - a potion of agility
 t - a potion of haste
Comestibles
 f - 4 rations
 v - 7 chunks of flesh


   Skills:
 + Level 3.0 Fighting
   Level 1.3 Axes
 * Level 9.9 Slings
 + Level 3.0 Dodging
 + Level 1.6 Stealth


You had 6 spell levels left.
You didn't know any spells.

Dungeon Overview and Level Annotations

Branches:
Dungeon (5/15)             Temple (0/1) D:4

Altars:
Ashenzari
Gozag
Makhleb
Nemelex Xobeh


Innate Abilities, Weirdness & Mutations

You are small and have problems with some larger weapons.
You are somewhat resistant to further mutation.
Your mind is acute. (Int +2)


Message History

You hit the centaur.
The centaur is heavily wounded.
The centaur barely misses you. The bullfrog skeleton hits you.
The troll bites you. The troll claws you.
* * * LOW HITPOINT WARNING * * *
The troll barely misses you. The centaur completely misses you.
Wield which item (- for none, * to show all)? (? for menu, Esc to quit)
Okay, then.
You feel better.
The bullfrog skeleton hits you but does no damage.
The centaur misses you. The troll closely misses you. The troll claws you.
* * * LOW HITPOINT WARNING * * *
The troll claws you!
* * * LOW HITPOINT WARNING * * *
The bullfrog skeleton hits you.
* * * LOW HITPOINT WARNING * * *
You puncture the troll!
The troll is moderately wounded.
The centaur hits you.
You die...

.......#
.≈##..#
##..##≈..
.##....# #..#
##..#...
##...#
#8.#..##..#.8#
≈≈ #...# #.
#≈.>$.≈#..#
#...# #.
#≈..Z.≈#..#
####...# #8.
$.##$.#.8#
.......# #?$#
≈..≈##..#
###.#..#
#.Z##.$##÷.##
..+..#
#c@#.##..##
##.#...#
##.T[...##
#.#..#.#
##...###
#.#....#
#...####
#.#....# ###.
... ##


You could see a troll, a centaur and a bullfrog skeleton.

Vanquished Creatures
  A howler monkey (D:4)
  A crimson imp (D:2)
  A hound (D:5)
  2 orc priests
  2 orc wizards (D:4)
  6 adders
  A shadow imp (D:5)
  2 oozes (D:3)
  An adder skeleton (D:5)
  4 worms (D:3)
  A dart slug (D:2)
  2 leopard geckos (D:2)
  14 orcs
  12 bats
  3 giant cockroaches
  11 goblins
  4 hobgoblins
  4 jackals (D:3)
  6 quokkas
  3 ball pythons
  9 frilled lizards
  10 kobolds
  4 rats
104 creatures vanquished.

Notes
Turn   | Place    | Note
-------+----------+-------------------------------------------
     0 | D:1      | lechatrouge the Halfling Hunter began the quest for the Orb.
     0 | D:1      | Reached XP level 1. HP: 14/14 MP: 1/1
    57 | D:1      | Reached skill level 6 in Slings
   106 | D:1      | Reached XP level 2. HP: 19/19 MP: 2/2
   444 | D:1      | Reached XP level 3. HP: 24/24 MP: 3/3
   763 | D:2      | Reached skill level 7 in Slings
  1069 | D:2      | Reached XP level 4. HP: 29/29 MP: 4/4
  1200 | D:2      | Reached XP level 5. HP: 22/34 MP: 5/5
  1211 | D:2      | Reached skill level 8 in Slings
  1746 | D:3      | Reached skill level 1 in Axes
  2023 | D:3      | Found a faded altar of an unknown god.
  2031 | D:3      | Became a worshipper of Makhleb the Destroyer
  2031 | D:3      | Reached * piety under Makhleb
  2964 | D:3      | Found a sparkling altar of Nemelex Xobeh.
  2967 | D:3      | Found an opulent altar of Gozag.
  2970 | D:3      | Found a shattered altar of Ashenzari.
  3031 | D:3      | Reached XP level 6. HP: 41/41 MP: 6/6
  3291 | D:4      | Reached skill level 9 in Slings
  3446 | D:4      | Got a crystal rapier
  3449 | D:4      | Identified the +10 rapier "Goasmeit" {pierce, *Contam +Inv rN++ Int+2} (You found it on level 4 of the Dungeon)
  3476 | D:4      | Reached ** piety under Makhleb
  3627 | D:4      | Reached XP level 7. HP: 46/46 MP: 7/7
  3650 | D:4      | Gained mutation: You are frail. (-10% HP) [mutagenic glow]
  3684 | D:4      | Found a staircase to the Ecumenical Temple.
  4027 | D:5      | Entered Level 5 of the Dungeon
  4052 | D:5      | Lost mutation: You are frail. (-10% HP) [potion of mutation]
  4052 | D:5      | Gained mutation: Your mind is acute. (Int +2) [potion of mutation]
  4207 | D:5      | Noticed a troll
  4214 | D:5      | Slain by a centaur

Skill      XL: |  1  2  3  4  5  6 |
---------------+-------------------+-----
Slings         | 6 7 8 9 |  9.9
Fighting       | 2 3 |  3.0
Axes           | 1 |  1.3
Dodging        | 3 |  3.0
Stealth        | |  1.6

Action                   |  1- 3 |  4- 6 |  7- 9 || total
-------------------------+-------+-------+-------++-------
Melee: Short sword       |    12 |       |       ||    12
       Hand axe          |     7 |   127 |       ||   134
       Rapier            |       |     2 |    11 ||    13
 Fire: Hunting sling     |    77 |    90 |    23 ||   190
Throw: Stone             |     1 |       |       ||     1
  Use: Scroll            |     4 |     9 |       ||    13
       Potion            |     2 |       |     2 ||     4
 Stab: Sleeping          |     1 |     2 |       ||     3
  Eat: Chunk             |       |     2 |       ||     2
       Ration            |       |     2 |     1 ||     3
Armor: Leather armour    |    16 |    35 |     2 ||    53
Dodge: Dodged            |    24 |   125 |    17 ||   166
